 Dungeon Crawl Stone Soup version 0.27-a0-1529-g1e82c303ef (webtiles) character file.

Game seed: 14651647194906445822

5167 tsouns the Slicer (level 10, -7/47 (49) HPs)
             Began as a Spriggan Warper on July 12, 2021.
             Was a High Priest of Fedhas.
             Asphyxiated
             ... on level 10 of the Dungeon.
             The game lasted 00:27:33 (9691 turns).

tsouns the Slicer (Spriggan Warper)                 Turns: 9691, Time: 00:27:36

HP:   -7/47 (49)    AC:  6    Str:  7    XL:     10   Next: 34%
MP:   17/17         EV: 17    Int: 18    God:    Fedhas [*****.]
Gold: 1719          SH:  0    Dex: 15    Spells: 5/18 levels left

rFire    . . .     SeeInvis +   j - +2 dagger (elec)
rCold    + . .     Faith    .   (shield restricted)
rNeg     . . .     Spirit   .   s - +3 troll leather armour {Purgy}
rPois    .         Reflect  .   i - +1 hat
rElec    .         Harm     .   h - +1 cloak {rCorr}
rCorr    +         Rampage  .   (gloves unavailable)
Will     +....                  (boots unavailable)
Stlth    +++++.....             o - amulet of magic regeneration
HPRegen  1.15/turn              r - ring of protection from cold
MPRegen  0.40/turn              H - +4 ring of slaying

@: lethally poisoned (-7 -> -11), corroded, slowed, lightly drained, quick
A: very small, no large weapons, unfitting armour, see invisible, speed 3
a: Renounce Religion, Wall of Briars, Grow Ballistomycete, Overgrow, Grow Oklob


You were on level 10 of the Dungeon.
You worshipped Fedhas.
Fedhas was extremely pleased with you.
You visited 1 branch of the dungeon, and saw 10 of its levels.
You also visited: Sewer.

You collected 1827 gold pieces.
You spent 108 gold pieces at shops.

Inventory:

Hand Weapons
 f - a +1 rapier of draining
 j - a +2 dagger of electrocution (weapon)
 n - a +1 dagger of holy wrath
Missiles
 d - 5 boomerangs of dispersal
 g - 20 poisoned darts (quivered)
 t - 11 boomerangs
 y - 3 atropa-tipped darts
Armour
 h - a +1 cloak of preservation (worn)
 i - a +1 hat (worn)
 s - a +3 troll leather armour (worn) {Purgy}
Jewellery
 o - an amulet of magic regeneration (around neck)
 r - a ring of protection from cold (left hand)
 w - a ring of positive energy
 F - a ring of wizardry
 H - a +4 ring of slaying (right hand)
Wands
 b - a wand of mindburst (23)
 m - a wand of flame (50)
 p - a wand of digging (10)
Scrolls
 a - 3 scrolls of enchant weapon
 c - 2 scrolls of blinking
 k - 6 scrolls of teleportation
 v - a scroll of amnesia
 x - a scroll of noise {unknown}
 z - 2 scrolls of immolation
 E - a scroll of holy word
Potions
 e - 3 potions of brilliance
 q - a potion of mutation
 u - a potion of haste
 A - a potion of lignification {unknown}
 B - 2 potions of heal wounds
 C - 3 potions of curing {unknown}
 D - a potion of resistance
 G - a potion of might {unknown}


   Skills:
 - Level 4.0 Fighting
 * Level 12.3 Short Blades
 - Level 1.0 Throwing
 - Level 3.6 Dodging
 + Level 12.0 Stealth
 - Level 4.6 Spellcasting
 - Level 4.8 Translocations
 + Level 2.5 Invocations


You had 5 spell levels left.
You knew the following spells:

 Your Spells              Type           Power      Damage    Failure   Level
a - Blink                 Tloc           N/A        N/A       4%          2
b - Gell's Gravitas       Tloc           10%        N/A       9%          3
c - Teleport Other        Tloc           21%        N/A       9%          3
d - Manifold Assault      Tloc           21%        N/A       63%         5

Your spell library contained the following spells:

 Spells                   Type           Power      Damage    Failure   Level
 Lesser Beckoning         Tloc           10%        N/A       9%          3
 Conjure Flame            Conj/Fire      4%         6-21      54%         3
 Ignite Poison            Fire/Tmut/Pois 4%         N/A       54%         3
 Summon Guardian Golem    Hex/Summ       4%         N/A       54%         3
 Sticky Flame             Conj/Fire      4%         2d3       91%         4
 Orb of Destruction       Conj           2%         9d1       100%        7
 Spellforged Servitor     Conj/Summ      2%         N/A       100%        7


Dungeon Overview and Level Annotations

Branches:
Dungeon (10/15)            Temple (0/1) D:4           Sewer (visited)
   Lair: D:8-11         Orc: D:9-12

Altars:
Ashenzari
Fedhas
Gozag
Makhleb
Qazlal
Ru
Trog
Vehumet
Xom
Yredelemnul

Shops:
D:1 !*(=(

Annotations:
D:8 1 runed translucent door, Sassenached's ghost, novice HuWn
D:9 3 runed translucent doors, Venturno's ghost, novice DECj
D:10 Sonja


Innate Abilities, Weirdness & Mutations

You are very small and have problems with some larger weapons.
You are too small for most types of armour.
You have supernaturally acute eyesight. (SInv)
You cover ground extremely quickly. (Speed+++)


Message History

Sonja blinks!
You feel sick.
You see here a +0 dagger.
You feel sick.
You feel sick.
Sonja is nearby!
Aiming: Polymorph
Press: ? - help, Shift-Dir - straight line, f/p - Sonja
Aim: Sonja, wielding a +1 short sword of draining, quivering curare-tipped darts and carrying a wand of acid (6) (will become a tengu, a sky beast, or a hog, chance to affect: 54%) Sonja resists with significant effort.
You feel sick.
Sonja hits you with a +1 short sword of draining!
You feel drained. Sonja barely misses you.
Sonja hits you with a +1 short sword of draining.
You feel drained.
Sonja says, "I'm academy-trained, you know."
Sonja gestures wildly while chanting.
Sonja blinks!
Aiming: Polymorph
Press: ? - help, Shift-Dir - straight line, f/p - Sonja
Aim: Sonja, wielding a +1 short sword of draining, quivering curare-tipped darts and carrying a wand of acid (6) (will become a tengu, a sky beast, or a hog, chance to affect: 54%) Sonja resists with significant effort.
The now-empty wand crumbles to dust.
You feel sick.
You are no longer poisoned.
You don't have any such object.
Evoke which item? (* to show all) (? for menu, Esc to quit)
Okay, then.
Unknown command.
Aiming: Mindburst
Press: ? - help, Shift-Dir - straight line, f/p - Sonja
Aim: Sonja, wielding a +1 short sword of draining, quivering curare-tipped darts and carrying a wand of acid (6) (chance to affect: 73%) Sonja's mind is blasted!
Sonja zaps a wand.
The bolt of acid hits you! You resist.
* * * LOW HITPOINT WARNING * * *
You are splashed with acid!
You resist.
* * * LOW HITPOINT WARNING * * *
Sonja throws a curare-tipped dart.
The curare-tipped dart hits you.
You are lethally poisoned!
You have difficulty breathing.
You die...
Fedhas appreciates your contribution to the ecosystem.

##########
#........#######
#..............#
#..............#
#..............#
#.........K....# ###
#....).........####......
#.......@................
#....#####'##............
##...# ..#............
#...# [.#...#####....
#...# ..#...# #.... #...#
..#...# #.... #...#
..#...# #....
#...########...###+#....
#...<.....).............


You could see Sonja.

Vanquished Creatures
  A two-headed ogre (D:9)
  A cyclops (D:9)
  Grinder (D:2)
  A wyvern (D:9)
  A vampire (D:9)
  A water moccasin (D:8)
  An acid dragon (D:8)
  A black bear (D:7)
  2 orc warriors
  2 sky beasts (D:8)
  Purgy (Sewer)
  3 ogres
  4 centaurs
  A kobold brigand (D:10)
  3 bullfrogs
  A gnoll sergeant (D:9)
  A scorpion (D:4)
  10 killer bees
  5 wights (D:7)
  2 howler monkeys (D:5)
  3 centaur zombies
  A bullfrog skeleton (D:4)
  6 hounds
  5 orc priests
  2 centaur skeletons (D:6)
  Ijyb (D:5)
  4 iguanas
  6 orc wizards
  2 killer bee zombies (D:8)
  4 hound skeletons
  Robin (D:3)
  2 howler monkey zombies
  7 gnolls
  9 adders
  A shadow imp (D:8)
  2 white imps
  An adder skeleton (D:4)
  2 worms
  A dart slug (D:5)
  26 orcs
  3 bats
  6 endoplasms
  7 giant cockroaches
  9 goblins
  10 hobgoblins
  9 jackals
  11 kobolds
  5 quokkas
  8 ball pythons
  7 frilled lizards
  4 rats
208 creatures vanquished.

Vanquished Creatures (others)
  4 withered plants (D:8)
4 creatures vanquished.

Grand Total: 212 creatures vanquished

Notes
Turn   | Place    | Note
-------+----------+-------------------------------------------
     0 | D:1      | tsouns the Spriggan Warper began the quest for the Orb.
     0 | D:1      | Reached XP level 1. HP: 10/10 MP: 5/5
   363 | D:1      | Reached skill level 1 in Stealth
   366 | D:1      | Reached XP level 2. HP: 13/15 MP: 6/6
   418 | D:1      | Found Efogite's Distillery.
   435 | D:1      | Bought a potion of heal wounds for 70 gold pieces
   507 | D:1      | Found Waohan's Antique Weapon Boutique.
   512 | D:1      | Found Awku's Jewellery Emporium.
   524 | D:1      | Found Ujacemez's Weapon Shoppe.
   595 | D:1      | Found Riuses's Assorted Antiques.
   599 | D:1      | Bought a scroll labelled FAIDED FUNLEAM for 19 gold pieces
   599 | D:1      | Bought a scroll labelled MAROCV HUBBYEPEOZ for 19 gold
                  | pieces
   733 | D:1      | Found a faded altar of an unknown god.
   748 | D:1      | Became a worshipper of Fedhas Madash
   748 | D:1      | Reached * piety under Fedhas
  1016 | D:2      | Learned a level 2 spell: Blink
  1598 | D:2      | Noticed an ogre
  1639 | D:2      | Killed an ogre
  1640 | D:2      | Reached XP level 3. HP: 19/19 MP: 8/8
  1640 | D:2      | Reached XP level 4. HP: 23/23 MP: 9/9
  1645 | D:2      | Learned a level 3 spell: Gell's Gravitas
  1649 | D:2      | Learned a level 3 spell: Teleport Other
  2193 | D:3      | Noticed Robin
  2624 | D:3      | Noticed Grinder
  2692 | D:4      | Identified a scroll of acquirement
  2692 | D:4      | Acquired a +1 cloak of preservation
  2718 | D:4      | Reached XP level 5. HP: 23/27 MP: 10/10
  2872 | D:4      | Reached skill level 5 in Short Blades
  2982 | D:4      | Reached ** piety under Fedhas
  3017 | D:4      | Reached XP level 6. HP: 23/31 MP: 11/11
  3303 | D:4      | Found a shimmering altar of Xom.
  3628 | D:4      | Reached skill level 5 in Stealth
  3799 | D:4      | Found a staircase to the Ecumenical Temple.
  4114 | D:5      | Entered Level 5 of the Dungeon
  4154 | D:5      | Noticed Ijyb
  4216 | D:5      | Killed Ijyb
  4217 | D:5      | Reached XP level 7. HP: 21/36 MP: 12/12
  4442 | D:5      | Found a glowing drain.
  4479 | Sewer    | Entered a sewer
  4493 | Sewer    | Reached *** piety under Fedhas
  4552 | Sewer    | Noticed Purgy
  4559 | Sewer    | Killed Purgy
  5432 | D:6      | Reached XP level 8. HP: 42/42 MP: 15/15
  5638 | D:6      | Found a blossoming altar of Fedhas.
  5882 | D:6      | Identified the +0 buckler "Gous" {-Cast rC++ Will+}
  5944 | D:6      | Learned a level 5 spell: Manifold Assault
  6082 | D:2      | Paralysed by Grinder for 7 turns
  6108 | D:2      | Killed Grinder
  6150 | D:3      | Reached **** piety under Fedhas
  6202 | D:3      | Killed Robin
  6426 | D:3      | Found a broken altar of Ashenzari.
  6786 | D:7      | Found a bloodstained altar of Trog.
  6864 | D:7      | Found a stormy altar of Qazlal.
  6989 | D:7      | Reached XP level 9. HP: 35/45 MP: 16/16
  7548 | D:7      | Found a sacrificial altar of Ru.
  7749 | D:8      | Reached skill level 10 in Short Blades
  7825 | D:8      | Reached ***** piety under Fedhas
  7962 | D:8      | Found a radiant altar of Vehumet.
  8049 | D:8      | Reached skill level 10 in Stealth
  8150 | D:8      | Found a basalt altar of Yredelemnul.
  8174 | D:8      | Noticed Sassenached's ghost (novice HuWn)
  8177 | D:8      | Found a runed translucent door.
  8630 | D:9      | Acquired 1058 gold pieces
  8680 | D:9      | Found a runed translucent gate.
  8680 | D:9      | Found a runed translucent gate.
  8680 | D:9      | Found a runed translucent gate.
  8680 | D:9      | Found an opulent altar of Gozag.
  8680 | D:9      | Noticed an orb spider
  8680 | D:9      | Noticed a cyclops
  8985 | D:9      | Noticed a two-headed ogre
  9033 | D:9      | Killed a two-headed ogre
  9034 | D:9      | Reached skill level 1 in Invocations
  9034 | D:9      | Reached XP level 10. HP: 13/49 MP: 17/17
  9337 | D:9      | Killed a cyclops
  9415 | D:9      | Noticed a centaur warrior
  9415 | D:9      | Noticed Venturno's ghost (novice DECj)
  9415 | D:9      | Noticed a manticore
  9481 | D:10     | Entered Level 10 of the Dungeon
  9505 | D:10     | Found a burning altar of Makhleb.
  9681 | D:10     | Noticed Sonja
  9691 | D:10     | HP: 2/47 [acid (9)]
  9691 | D:10     | Asphyxiated

Illustrated notes

Levels and vault maps discovered:
D:1:      minmay_arrival_pointy, layout_basic, serial_shops, shop, shop, shop,
          shop_coins, shop, ebering_ecumenical_altar_ruins,
          hangedman_decor_growths, minmay_distorted
D:2:      layout_rooms, minmay_diced_spiral
D:3:      layout_rooms, lemuel_doored_altar, uniq_grinder, uniq_robin
D:4:      layout_cave_pools, temple_green, minmay_misc_feat_rows,
          minmay_ruined_shrine
D:5:      layout_cave_pods, gup_sewer_entry_pipe, st_stairs_12, uniq_ijyb
D:6:      layout_rooms, fedhas_altar_fruit_tree, kennysheep_generic_room_4
D:7:      layout_basic, nicolae_qazlal_scattered_showers,
          general_overflow_altar, mainiacjoe_overflow_boulevard,
          due_unseen_surprise
D:8:      layout_basic, yredelemnul_altar_generic, mainiacjoe_overflow_alcove_2,
          hellmonk_ghost_happy_afterlife
D:9:      layout_roguey, ebering_ghost_gozag
D:10:     layout_irregular_city, lemuel_round_altar,
          mainiacjoe_overflow_catch_the_wave, uniq_sonja, uniq_grum,
          uniq_josephine

Skill      XL: |  1  2  3  4  5  6  7  8  9 10 |
---------------+-------------------------------+-----
Stealth        | 1 3 4 5 6 8 11 12 | 12.0
Short Blades   | 4 5 7 9 12 | 12.3
Fighting       | 2 3 4 |  4.0
Spellcasting   | 3 4 |  4.6
Invocations    | 1 2 |  2.5
Throwing       | |  1.0
Dodging        | |  3.6
Translocations | |  4.8

Action                   |  1- 3 |  4- 6 |  7- 9 | 10-12 || total
-------------------------+-------+-------+-------+-------++-------
Melee: Short sword       |    99 |    73 |       |       ||   172
       Dagger            |       |    48 |   447 |    41 ||   536
       Rapier            |       |    84 |   173 |       ||   257
Throw: Dart              |     5 |     9 |    16 |       ||    30
 Cast: Gell's Gravitas   |       |     1 |     1 |       ||     2
Evoke: Wand              |       |       |     1 |    13 ||    14
  Use: Scroll            |     3 |     5 |    12 |       ||    20
       Potion            |       |     2 |     3 |       ||     5
 Stab: Sleeping          |       |     2 |    16 |     1 ||    19
       Distracted        |       |     2 |       |       ||     2
Armor: Robe              |    17 |    24 |     9 |       ||    50
       Troll leather arm |       |       |    58 |     5 ||    63
Dodge: Dodged            |    68 |   162 |   368 |    14 ||   612

Table legend: (Time is in decaauts)
 A = Elapsed time spent in this place.
 B = Non-inter-level travel time spent in this place.
 C = Inter-level travel time spent in this place.
 D = Time resting spent in this place.
 E = Time spent auto-exploring this place.
 F = Levels seen in this place.
 G = Mean time per level.
                   A        B        C        D        E       F      G
               +--------+--------+--------+--------+--------+-----+--------+
         Total |   7032 |   6750 |    282 |     21 |   4952 |  11 |  639.3 |
       Dungeon |   6814 |   6532 |    282 |     21 |   4828 |  10 |  681.4 |
         Sewer |    218 |    218 |      0 |      0 |    124 |   1 |  218.0 |
               +--------+--------+--------+--------+--------+-----+--------+

Top non-repeatable levels by time:
     D:2: 1268 daAuts
     D:4: 1259 daAuts
     D:1: 847 daAuts
     D:5: 689 daAuts
     D:7: 609 daAuts
     D:8: 570 daAuts
     D:9: 551 daAuts
     D:6: 486 daAuts
     D:3: 392 daAuts
   Sewer: 218 daAuts
    D:10: 137 daAuts
